 Dungeon Crawl Stone Soup version 0.31-a0-75-g6fe912e8c5 (webtiles) character file.

Game seed: 10076723281675095583

55 Angani the Cutter (level 3, 0/20 HPs)
             Began as a Vine Stalker Monk on May 24, 2023.
             Was a Priest of Qazlal.
             Slain by Grinder (1 damage)
             ... on level 3 of the Dungeon.
             The game lasted 00:03:12 (1561 turns).

Angani the Cutter (Vine Stalker Monk)               Turns: 1561, Time: 00:03:13

Health: 0/20       AC:  2    Str: 13    XL:     3   Next: 93%
Magic:  0/4        EV: 13    Int: 10    God:    Qazlal [***...]
Gold:   108        SH:  0    Dex: 18    Spells: 2/2 levels left

rFire   . . .        a - +0 short sword
rCold   . . .        d - orb {light}
rNeg    . . .        b - +0 robe
rPois   .            (no helmet)
rElec   .            (no cloak)
rCorr   .            (no gloves)
SInv    .            (no boots)
Will    .....        (no amulet)
Stlth   +            (no ring)
HPRegen 0.23/turn    (no ring)
MPRegen 0.09/turn

%: guardian spirit
@: confused, ambrosia-drunk, glowing
A: fangs 2, magic shield, antimagic bite, no potion heal 2
a: Renounce Religion, Upheaval, Elemental Force


You were on level 3 of the Dungeon.
You worshipped Qazlal.
Qazlal was most pleased with you.
You visited 1 branch of the dungeon, and saw 3 of its levels.

You collected 108 gold pieces.

Inventory:

Hand Weapons
 a - a +0 short sword (weapon)
Armour
 b - a +0 robe (worn)
 d - an orb of light (worn)
Scrolls
 f - 2 scrolls of teleportation
 h - a scroll of enchant armour {unknown}
 k - a scroll of fog {unknown}
 n - a scroll of poison {unknown}
 o - a scroll of fear {unknown}
 p - a scroll of immolation {unknown}
Potions
 i - 2 potions of haste
 j - a potion of invisibility {unknown}
 l - a potion of curing {unknown}
 m - a potion of mutation {unknown}


   Skills:
 + Level 3.1 Fighting
 + Level 3.2 Short Blades
 + Level 2.8 Dodging
 + Level 1.2 Invocations


You had 2 spell levels left.
You didn't know any spells.
Your spell library was empty.

Dungeon Overview and Level Annotations

Branches:
Dungeon (3/15)

Altars:
Qazlal

Shops:
D:2 =

Annotations:
D:2 1 runed translucent door, Crazy Yiuf
D:3 2 transporters, Grinder; Lugonue's ghost, amateur DEHW


Innate Abilities, Weirdness & Mutations

You have extremely sharp teeth.
When hurt, damage is shared between your health and your magic reserves.
Your bite disrupts and absorbs the magic of your enemies.
Potions cannot restore your health.


Message History

Grinder is moderately wounded.
Grinder blinks!
You hit Grinder.
Grinder is moderately wounded.
You block Grinder's attack.
You barely miss Grinder. You bite Grinder.
Grinder's magic leaks into the air.
You drain her magic.
You feel invigorated.
Grinder is moderately wounded.
Grinder gestures at you. Pain shoots through your body!
Okay, then.
You barely miss Grinder.
Grinder is moderately wounded.
You hit Grinder. You bite Grinder.
Grinder's magic leaks into the air.
You drain her magic.
You feel invigorated.
Grinder is heavily wounded.
Grinder hits you.
You writhe in agony.
You hit Grinder but do no damage. You bite Grinder.
Grinder's magic leaks into the air.
You drain her magic.
You feel invigorated.
Grinder is heavily wounded.
Grinder hits you!
You writhe in agony.
Grinder is engulfed in freezing vapours.
There is a stone staircase leading up here.
You don't have enough magic at the moment.
Unknown command.
You hit Grinder. You bite Grinder.
Grinder's magic leaks into the air.
You drain her magic.
You feel invigorated.
Grinder is severely wounded.
Grinder hits you.
You writhe in agony.
* * * LOW HITPOINT WARNING * * *
Unknown command.
Okay, then.
You are confused.
Your system rejects the healing.
You feel invigorated. Grinder hits you.
* * * LOW HITPOINT WARNING * * *
You writhe in agony.
* * * LOW HITPOINT WARNING * * *
Unknown command.
Grinder hits you.
You die...

.#.# #
#.....#'####
.#.# #.....#.#
.#.# ....#+#.†#
#..
######.#.####...
#..
......†...?.....
...###.#.###....
#.......°.# ..
##..#.#..5#
##...#..@#
#.......#
#....$..#
#.#.....#
#.####.## ...
!.. ...#########
............
...........


You could see Grinder (magic disrupted).

Vanquished Creatures
  An adder (D:3)
  2 dart slugs (D:1)
  7 ball pythons
  5 bats
  3 endoplasms
  2 giant cockroaches (D:1)
  3 goblins
  2 hobgoblins
  3 kobolds
  3 quokkas
  A frilled lizard (D:1)
  5 rats
37 creatures vanquished.

Notes
Turn   | Place    | Note
-------+----------+-------------------------------------------
     0 | D:1      | Angani the Vine Stalker Monk began the quest for the Orb.
     0 | D:1      | Reached XP level 1. HP: 11/11 MP: 2/2
    76 | D:1      | Found a faded altar of an unknown god.
    91 | D:1      | Prayed at the altar of an unknown god.
    91 | D:1      | Became a worshipper of Qazlal Stormbringer
    91 | D:1      | Reached * piety under Qazlal
    91 | D:1      | Reached ** piety under Qazlal
   103 | D:1      | Reached XP level 2. HP: 16/16 MP: 3/3
   450 | D:1      | Reached *** piety under Qazlal
   571 | D:1      | Reached XP level 3. HP: 13/20 MP: 2/4
   938 | D:2      | Found Syenidim's Jewellery Shop.
   951 | D:2      | Reached skill level 1 in Invocations
  1206 | D:2      | Found a runed translucent door.
  1207 | D:2      | Noticed Crazy Yiuf
  1430 | D:3      | Found a transporter.
  1434 | D:3      | Found a transporter.
  1434 | D:3      | Noticed Lugonue's ghost (amateur DEHW)
  1442 | D:3      | Noticed Grinder
  1546 | D:3      | Paralysed by Grinder for 3 turns
  1560 | D:3      | HP: 1/20 [Grinder (1)]
  1561 | D:3      | Slain by Grinder

Illustrated notes

Levels and vault maps discovered:
D:1:      evilmike_arrival_plus, layout_loops_corners,
          ebering_ecumenical_altar_mist, minmay_pentomino_v4
D:2:      layout_rooms, serial_shops, shop, uniq_crazy_yiuf_cottage
D:3:      layout_basic, gammafunk_ghost_arena,
          nicolae_concentric_dashed_squares_mild, uniq_grinder

Skill      XL: |  1  2  3 |
---------------+----------+-----
Short Blades   | 3 |  3.2
Fighting       | 3 |  3.1
Invocations    | 1 |  1.2
Dodging        | |  2.8

Action                     || total
---------------------------++-------
  Melee: Short sword       ||    88
         Bite              ||    35
 Invoke: Upheaval          ||     1
    Use: Scroll            ||     3
         Potion            ||     1
 Armour: Robe              ||    12
  Dodge: Dodged            ||    51
  Block: Orb               ||    12

Table legend: (Time is in decaauts)
 A = Elapsed time spent in this place.
 B = Non-inter-level travel time spent in this place.
 C = Inter-level travel time spent in this place.
 D = Time resting spent in this place.
 E = Time spent auto-exploring this place.
 F = Levels seen in this place.
 G = Mean time per level.
                   A        B        C        D        E       F      G
               +--------+--------+--------+--------+--------+-----+--------+
         Total |   1548 |   1474 |     74 |      0 |   1225 |   3 |  516.0 |
       Dungeon |   1548 |   1474 |     74 |      0 |   1225 |   3 |  516.0 |
               +--------+--------+--------+--------+--------+-----+--------+

Top non-repeatable levels by time:
     D:1: 902 daAuts
     D:2: 549 daAuts
     D:3: 95 daAuts
